[Event "British Championship 2024"]
[Site "Hull"]
[Date "2024.07.31"]
[Round "4.8"]
[White "Eggleston, David J"]
[Black "Grieve, Harry"]
[Result "1/2-1/2"]
[Annotator "TA"]
[ECO "D37"]
[WhiteElo "2335"]
[BlackElo "2470"]
[PlyCount "69"]
[EventDate "2024.07.31"]
[EventCountry "GBR"]
[SourceTitle "playchess.com"]
[Source "ChessBase"]
[SourceQuality "1"]
[TimeControl "40/5400+30:1800+30"]

1. d4 d5 2. c4 e6 3. Nc3 a6 4. cxd5 exd5 5. Nf3 Nf6 6. Bg5 Be6 7. e3 Nbd7 8. Bd3 {[%emt 0:00:12] White is slightly better.} Bd6 9. O-O c6 10. Bf4 Qc7 11. Bxd6 Qxd6 12. h3 O-O 13. Rc1 Qe7 14. Re1 g6 15. a3 Nb6 16. Qd2 Rae8 17. e4 dxe4 18. Nxe4 Nxe4 19. Bxe4 Qd8 20. Qh6 {[%emt 0:10:38] [#] Strongly threatening Ng5.} Qf6 21. Ne5 Rd8 22. Rcd1 Nc4 23. Nf3 Bd5 (23... Rfe8 {keeps more tension.} 24. Ng5 Qg7 25. Qh4 Bc8) 24. Qc1 Nb6 25. Ne5 Bxe4 26. Rxe4 Nd5 27. Rde1 Qg7 28. Nd3 Nf6 29. Re7 Rd7 30. Nc5 {[%emt 0:11:51] White is more active.} ({White should play} 30. Qc5 $16) 30... Rxe7 $11 31. Rxe7 Nd5 32. Re5 f6 {[%emt 0:01:27] The position is equal.} 33. Rxd5 cxd5 34. Ne6 {[%emt 0:00:04][%csl LRf8,LRg7] Prevents Qc7} Qe7 35. Nxf8 {[%emt 0:00:06] Weighted Error Value: White=0.11 (very precise) /Black=0.08 (flawless) .  Mistake:       	White=1     	---        Inaccurate:     	White=1     	Black=4      OK:         	White=10    	Black=10     Best:        	White=1     	Black=2} 1/2-1/2

[Event "British Championship 2024"]
[Site "Hull"]
[Date "2024.07.31"]
[Round "4.9"]
[White "Balaji, Aaravamudhan"]
[Black "Williams, Simon K"]
[Result "1/2-1/2"]
[Annotator "TA"]
[ECO "A92"]
[WhiteElo "2346"]
[BlackElo "2450"]
[PlyCount "79"]
[EventDate "2024.07.31"]
[EventCountry "GBR"]
[SourceTitle "playchess.com"]
[Source "ChessBase"]
[SourceQuality "1"]
[TimeControl "40/5400+30:1800+30"]

1. d4 e6 2. c4 f5 3. g3 Nf6 4. Bg2 d5 5. Bf4 Be7 6. Nf3 O-O 7. O-O c6 8. Qc2 Nh5 9. Be5 Nd7 10. Nc3 Nxe5 11. Nxe5 Nf6 12. c5 Nd7 13. Nxd7 Qxd7 14. f4 b6 15. b4 Ba6 16. Rfb1 Bc4 17. e3 g5 18. Nd1 gxf4 (18... a5 $1 $15 {was preferrable.} 19. Nb2 b5) 19. gxf4 $11 (19. exf4 $2 {too greedy.} Bf6 20. Kh1 Bxd4 $19) 19... a5 {[%emt 0:21:33] [#] Strongly threatening ...axb4.} 20. a3 b5 21. Nb2 axb4 22. axb4 Ba2 23. Rc1 Ra7 {[%emt 0:00:24] [#]} 24. Na4 $1 {[%emt 0:03:56] aiming for Nb6.} Bc4 {[%emt 0:06:21] The position is equal.} (24... Rxa4 25. Rxa2) 25. Nb6 Qb7 26. Qb2 Rxa1 27. Rxa1 Bd8 28. Qa3 Bxb6 29. cxb6 Qxb6 30. Qa7 Qxa7 31. Rxa7 {[%emt 0:00:02][%mdl 4096] Endgame. KRB-KRB} Rf7 32. Ra8+ Kg7 33. Bf3 Kf6 34. Kf2 Bd3 35. Ra6 Rc7 36. Bh5 Ke7 37. Ra8 Be4 38. Re8+ Kf6 39. Rf8+ Kg7 $1 40. Ra8 {[%emt 0:00:06] Weighted Error Value: White=0.08 (flawless) /Black=0.06 (flawless) .  Mistake:       	---       	Black=1      Inaccurate:     	White=3     	Black=1      OK:         	White=14    	Black=16     Best:        	---       	Black=1      Strong:       	---       	Black=1} 1/2-1/2

[Event "British Championship 2024"]
[Site "Hull"]
[Date "2024.07.31"]
[Round "4.10"]
[White "Merry, Alan B"]
[Black "Golding, Alex"]
[Result "0-1"]
[Annotator "TA"]
[ECO "E11"]
[WhiteElo "2429"]
[BlackElo "2296"]
[PlyCount "128"]
[EventDate "2024.07.31"]
[EventCountry "GBR"]
[SourceTitle "playchess.com"]
[Source "ChessBase"]
[SourceQuality "1"]
[TimeControl "40/5400+30:1800+30"]

1. d4 Nf6 2. c4 e6 3. g3 Bb4+ 4. Bd2 Be7 5. Bg2 d5 6. Nf3 O-O 7. O-O Nbd7 8. Qc2 c6 9. Rd1 Ne4 10. Bf4 {[%emt 0:01:46] E11: Bogo-Indian.} g5 $1 {[%emt 0:01:20] 10...g5 scores better than 10...f5.} 11. Bc1 f5 12. Nc3 g4 13. Ne1 Qe8 $146 ({Predecessor:} 13... Ndf6 14. Nd3 Nh5 15. Nxe4 fxe4 16. Ne5 Nf6 17. Bh6 Re8 18. Qd2 Nd7 19. Qf4 Nxe5 20. dxe5 {1-0 Goncalves,D (2201)-Boabaid,J (1889) Blumenau Ann 100 op 2016 (2)}) 14. Bf4 Ndf6 15. Bh6 Rf7 16. Nd3 Bf8 17. Bxf8 Rxf8 18. b4 Bd7 19. Ne5 (19. Nxe4 {simplifies} fxe4 20. Ne5 Qe7 21. a4) 19... Qh5 ({Black should play} 19... Nd6 $14) 20. e3 $16 Rfc8 21. Ne2 Qe8 22. Rdb1 Qe7 23. a4 Be8 24. Rb2 h5 25. Nf4 h4 26. Neg6 Bxg6 27. Nxg6 Qf7 28. Nxh4 Kg7 29. Rc1 Nd6 30. Bf1 Nh7 (30... dxc4 $16 31. Bxc4 Qd7) 31. Qd1 ({Better is} 31. c5 $18 Ne4 32. b5) 31... a5 (31... dxc4 $16 32. Bxc4 Nxc4 33. Rxc4 Ng5) 32. h3 gxh3 33. c5 (33. Bxh3 $6 Nxc4 34. Rbb1 Ng5 $11) 33... Ne4 34. Bxh3 axb4 35. Rxb4 Nhg5 36. Bg2 Rh8 37. Rc2 Ra7 38. Rcb2 Qc7 39. Qe1 Nf6 40. Nf3 (40. Qb1 $18 {has better winning chances.} Rb8 41. Rb6) 40... Nxf3+ $16 41. Bxf3 Kg6 42. Bg2 Qh7 43. Qe2 (43. Kf1 $1 $16) 43... Qh2+ $11 44. Kf1 Rha8 (44... Ne4 $11) 45. Qc2 (45. Rxb7 Rxa4 46. Rb1 Ne4 $11) 45... Qh5 (45... Ne4 $11) 46. Ra2 (46. Rxb7 Rxa4 47. Rb1 Ng4 $11) (46. Kg1 {keeps more tension.} Ng4 47. Ra2 Qh2+ 48. Kf1) 46... Ne4 47. Ke1 Qh2 48. Kf1 Ng5 (48... Qh5 $11 {keeps the balance.}) 49. g4 (49. Rbb2 $16) 49... Nh3 (49... Rh8 $11) 50. gxf5+ $16 exf5 51. Bxh3 Qxh3+ 52. Ke2 Rh8 53. Ra1 Qg4+ 54. Kd2 Kf6 55. Kc3 f4 56. Re1 (56. Rbb1 {is interesting.} Rh3 57. Rg1 Qf5 58. Qb2) 56... Rh3 57. Kb2 fxe3 58. Rxe3 Rxe3 59. fxe3 Qf3 {[%emt 0:00:00] [#]} (59... Ke6 $16) 60. Qc3 (60. Ka3 $1 $18) 60... Qd1 {[%emt 0:00:00] [#]} 61. Ka3 (61. Qc1 $1 $16 Qe2+ 62. Kc3) 61... Kf5 62. Rb3 Ke6 63. Qb2 Qf1 64. Qc2 $2 (64. Rxb7 Rxb7 65. Qxb7 Qa1+ 66. Kb3 Qb1+ 67. Kc3 Qxb7 68. Kc2 Kf5 (68... Qh7+ {is a self mate.} 69. Kd2 Qb1 70. Kc3 Kf5 71. Kd2 Ke4 72. Kc3 Kxe3 73. a5 Qc1+ 74. Kb3 Kxd4 75. a6 Qb1+ 76. Ka3 Kc3 77. a7 Qb3#) 69. Kd2 Qa6 70. Kd1 Ke4 (70... Qxa4+ 71. Ke2 Qc2+ 72. Kf3 Qh2 73. e4+ dxe4+ 74. Ke3 Qb2 75. d5 cxd5 76. c6 d4#) 71. Kc2 Qxa4+ (71... Kxe3 {leads to mate.} 72. a5 Qd3+ 73. Kb2 Kd2 74. a6 Qc2+ 75. Ka1 Kc3 76. a7 Qb2#) 72. Kb2 Kd3 (72... Kxe3 73. Kb1 Kxd4 74. Kb2 Kd3 75. Kb1 Kc3 76. Kc1 Qc2#) 73. e4 Qc2+ (73... Qxd4+ 74. Kb3 Qc3+ 75. Ka2 Kc2 76. exd5 Qb2#) 74. Ka3 Kc4 75. exd5 Qb3#) (64. Rc3 $11) 64... Qa1+ 0-1

[Event "British Championship 2024"]
[Site "Hull"]
[Date "2024.07.31"]
[Round "4.11"]
[White "Yao, Lan"]
[Black "Willow, Jonah B"]
[Result "1/2-1/2"]
[Annotator "TA"]
[ECO "C02"]
[WhiteElo "2325"]
[BlackElo "2422"]
[PlyCount "179"]
[EventDate "2024.07.31"]
[EventCountry "GBR"]
[SourceTitle "playchess.com"]
[Source "ChessBase"]
[SourceQuality "1"]
[TimeControl "40/5400+30:1800+30"]

1. e4 e6 2. d4 d5 3. e5 c5 4. c3 Nc6 5. Nf3 Bd7 6. a3 c4 7. Be2 f6 8. Bf4 Qb6 9. Qc2 O-O-O (9... g5 $15 10. Be3 g4) 10. Nbd2 $14 Na5 11. h4 Ne7 12. h5 Be8 13. Rb1 h6 14. Qc1 g5 15. exf6 gxf4 16. fxe7 Bxe7 17. Ne5 Nc6 (17... Rf8 $11) 18. Ndf3 {[%emt 0:03:20] Excellent horsemanship.} (18. Ng6 $1 $14 Bxg6 19. hxg6) 18... Rf8 19. Qc2 Rf5 20. Nxc6 Qxc6 21. Ne5 Qc7 22. Bg4 Rf6 (22... Rxe5+ $1 $11 {remains equal.} 23. dxe5 Qxe5+ 24. Kf1 (24. Qe2 Qxe2+ 25. Kxe2 Bd7 $11) 24... Bf7) 23. Qh7 (23. O-O $16) 23... Bd6 $11 24. Qxc7+ Kxc7 25. Kd2 Bxe5 26. dxe5 Rf7 27. Bxe6 Rg7 28. Rh4 Re7 29. Bf5 Rxe5 30. Rxf4 Bxh5 {[%emt 0:00:52] And now ...Re2+ would win.} 31. Rh1 Rde8 $1 32. g4 $36 {[%emt 0:00:32][%cal Of5c2][%mdl 2048] aiming for Bc2! White has some pressure.} (32. Rxh5 $2 Re2+ 33. Kc1 Re1+ 34. Kd2 R8e2#) 32... R8e7 33. Bc2 (33. Rxh5 $2 Re2+ 34. Kc1 Re1+ 35. Kd2 R7e2#) 33... Be8 34. Bd1 (34. Rxh6 Re2+ 35. Kc1 Re1+ 36. Bd1 R7e2 $11) 34... R5e6 {[%emt 0:02:40] Wards off Rf6} 35. Rd4 Bf7 36. f4 Rb6 37. Kc1 Re3 38. Rd2 Rf6 (38... Kd7 $142) 39. f5 $1 $16 Bg8 (39... Kd8 $16 40. Rdh2 h5) 40. Rdh2 $18 d4 41. cxd4 (41. Rxh6 $6 Rxh6 42. Rxh6 dxc3 $14) 41... c3 42. Rc2 (42. Rxh6 Rxh6 43. Rxh6 Re1 $11) 42... Rc6 (42... Bd5 {keeps fighting.} 43. Rh5 (43. Rxc3+ $2 Rxc3+ 44. bxc3 Bxh1 $19) 43... Kd7 (43... Bf7 $2 44. Rhh2 $18) 44. Rxc3 (44. bxc3 Bc4 $16) 44... Re4) 43. Rxc3 Rexc3+ 44. bxc3 Rxc3+ {[%emt 0:00:00][%mdl 4096] Endgame. KRB-KRB} 45. Kd2 Rxa3 46. Rxh6 Bc4 47. Bc2 {[%emt 0:00:00] Prevents Rd3+. g5 is the strong threat.} Rg3 48. Rh7+ Kd6 49. Rxb7 Rxg4 {[%emt 0:00:00] [#]} 50. Kc3 (50. Rxa7 Rxd4+ 51. Ke3 Rh4 $11) (50. Ke3 $1 $18) 50... Bf1 $2 {[%emt 0:00:00][%mdl 8192] [#]} (50... Bd5 $16 51. Rxa7 Rf4 52. Ra6+ Ke7) 51. f6 $2 (51. Rxa7 Rg3+ 52. Kd2 (52. Kb4 Rg4 $11) 52... Rg2+ 53. Kd1 Rg4 $11) (51. Ba4 $1 $18 {[%csl Ga4][%cal Rb7d7] and the rest is easy.} Kd5 52. Rd7+ (52. Rxa7 Rg3+ 53. Kb4 Kxd4 $11) 52... Ke4 53. f6 (53. Rxa7 Rg3+ 54. Kb4 Kxd4 $11) 53... Rg3+ 54. Kd2 (54. Kb4 a5+ 55. Kxa5 Rg8 $18)) 51... Rg3+ 52. Kb4 {[%emt 0:00:00][%cal Of6f7] Strongly threatening f7! White is much more active.} Rf3 53. f7 (53. Rxa7 Rxf6 54. Ba4 Kd5 $14) 53... a5+ 54. Kxa5 (54. Ka4 $5 Bc4 $8 55. Bg6 $16 (55. Kxa5 Bxf7 56. Kb4 Rf4 $11)) 54... Bc4 {[%emt 0:00:00] Wards off Bb3} 55. Bg6 {[%emt 0:00:00] Threatens to win with Rb6+.} Rf4 56. Kb4 Bxf7 57. Bxf7 Rxd4+ $14 {[%emt 0:00:00] KRB-KR} 58. Kc3 Rh4 59. Bc4 Rh1 60. Rb5 Rc1+ 61. Kd4 Rd1+ 62. Bd3 Kc6 63. Rh5 Kd6 64. Rh6+ Kd7 65. Ke4 Kc7 66. Bc4 Rd6 67. Rh5 Rg6 68. Kd4 Kd6 69. Bd3 Rg1 70. Rh6+ Ke7 71. Ke5 Re1+ 72. Be4 Re2 73. Rh7+ Ke8 74. Kd5 Kf8 75. Ra7 Re1 76. Bf5 Re7 77. Ra1 Kf7 78. Rf1 Ra7 79. Be6+ Kg6 80. Ke5 Ra5+ 81. Bd5 Kg5 82. Rb1 Kh5 83. Rg1 Rb5 84. Ke4 Kh6 85. Rg2 Ra5 86. Be6 Rg5 87. Bg4 (87. Rh2+ Kg6 88. Rf2 Kh7 $18) 87... Kg6 {[%emt 0:03:15] The position is equal.} 88. Kf4 {[%emt 0:00:13][%cal Og4h5] Intending Bh5+! and mate.} Ra5 89. Bf5+ Kf6 90. Rg6+ {[%emt 0:00:05] Black defended with fortune.   Weighted Error Value: White=0.17 (very precise) /Black=0.28 (precise) .  Loses game:     	---       	Black=1      Missed win:     	White=1     	---        Mistake:       	White=3     	Black=6      Inaccurate:     	White=3     	Black=3      OK:         	White=46    	Black=31     Best:        	White=7     	Black=7      Strong:       	White=1     	Black=1} 1/2-1/2

[Event "British Championship 2024"]
[Site "Hull"]
[Date "2024.07.31"]
[Round "4.12"]
[White "Pert, Richard G"]
[Black "Pein, Malcolm"]
[Result "1/2-1/2"]
[Annotator "TA"]
[ECO "D87"]
[WhiteElo "2415"]
[BlackElo "2274"]
[PlyCount "81"]
[EventDate "2024.07.31"]
[EventCountry "GBR"]
[SourceTitle "playchess.com"]
[Source "ChessBase"]
[SourceQuality "1"]
[TimeControl "40/5400+30:1800+30"]

1. d4 Nf6 2. c4 g6 3. Nc3 d5 4. cxd5 Nxd5 5. e4 Nxc3 6. bxc3 Bg7 7. Bc4 c5 8. Ne2 Nc6 9. Be3 O-O 10. O-O Qc7 11. Rc1 Rd8 12. Bf4 Qd7 13. dxc5 Qe8 14. Bd5 Bd7 15. Qd3 e6 16. Bb3 Na5 17. Bd6 b6 18. Qe3 Ba4 19. Rb1 Bxb3 20. axb3 Nb7 (20... Qc6 $14) 21. Bc7 $16 Rdc8 (21... Rd7 $16 22. cxb6 Bf8) 22. cxb6 $18 Qc6 23. c4 Nc5 24. b4 (24. Nd4 $6 Bxd4 25. Qxd4 axb6 $16) 24... Nxe4 {[%emt 0:02:17] [#]} (24... Nd7 $142) 25. c5 $1 {[%emt 0:03:05] b5 would now be deadly.} ({Not} 25. bxa7 Qxc7 (25... Rxc7 26. b5 $14) 26. Qxe4 Qxc4 27. Qxc4 Rxc4 $11) (25. b5 Qb7 $16) 25... axb6 26. cxb6 Nf6 27. b5 Qb7 28. Qf3 Nd5 29. Nf4 Bd4 30. Nxd5 exd5 31. Rbd1 (31. Rfd1 $142 Bxb6 32. Bg3 (32. Qxd5 $2 {is the wrong capture.} Qxc7 33. h3 Qf4 $19)) 31... Bxb6 $16 {[%emt 0:01:18] [#]} 32. Be5 {[%emt 0:02:49][%cal Of3f6] Intending Qf6! and mate. White is more active.} (32. Qxd5 $2 {too greedy.} Qxc7 (32... Rxc7 $2 33. Qxb7 Rxb7 34. Rd2 $19) 33. Rde1 Qc5 34. Qxc5 Rxc5 $19) 32... Qe7 33. Rxd5 Ra2 34. Bd4 (34. Qf4 $14) 34... Bxd4 $11 {[%emt 0:00:24] The position is equal.} 35. Rxd4 Rcc2 36. g3 Rab2 37. Rd5 Kg7 38. h4 h5 39. Qf4 Qf6 40. Qxf6+ Kxf6 41. Kg2 {[%emt 0:30:52] Black defended with fortune.   Weighted Error Value: White=0.16 (very precise) /Black=0.14 (very precise) .  Mistake:       	White=2     	Black=3      Inaccurate:     	White=3     	---        OK:         	White=7     	Black=14     Best:        	White=2     	Black=1      Strong:       	White=1     	---} 1/2-1/2

[Event "British Championship 2024"]
[Site "Hull"]
[Date "2024.07.31"]
[Round "4.13"]
[White "Richardson, John R"]
[Black "Lutsko, Artem"]
[Result "1/2-1/2"]
[Annotator "TA"]
[ECO "E46"]
[WhiteElo "2299"]
[BlackElo "2414"]
[PlyCount "82"]
[EventDate "2024.07.31"]
[EventCountry "GBR"]
[SourceTitle "playchess.com"]
[Source "ChessBase"]
[SourceQuality "1"]
[TimeControl "40/5400+30:1800+30"]

1. d4 Nf6 2. c4 e6 3. Nc3 Bb4 4. e3 O-O 5. Nge2 d5 6. a3 Be7 7. Ng3 c5 8. cxd5 cxd4 9. exd4 Nxd5 10. Bd3 Nc6 11. Bc2 Nxc3 {[%emt 0:24:27] Black is slightly better.} 12. bxc3 Bd7 13. Qd3 g6 {[%emt 0:00:04][%cal Bg7g6,Bg6g5][%mdl 32] [#]} 14. h4 $1 {[%emt 0:02:37] Black must now prevent h5.} f5 15. h5 {[%emt 0:00:31] hxg6 would now be deadly.} g5 16. Bb3 Na5 ({Black should try} 16... Kh8 $11) 17. Ba2 $14 Kh8 ({Black should play} 17... Rf7 $14) 18. O-O $16 Qe8 19. Re1 {[%emt 0:07:50][%cal Od4d5] Threatens to win with d5!} f4 20. Nf1 Bf6 (20... Qxh5 $11 {keeps the balance.} 21. Bxe6 Rad8) 21. h6 {[%emt 0:06:46] White is more active.} (21. Qd1 $16) 21... Qh5 $11 22. Bxe6 Rae8 23. Qf5 {[%emt 0:08:47] Some like it hot} Rxe6 (23... Nb3 {is more complex.} 24. Rb1 Qxh6 25. Qd5 Bxe6 26. Rxe6 Rxe6 27. Qxe6 Nxc1 28. Rxc1 Qg6) 24. Rxe6 Bxe6 25. Qxe6 Qxh6 26. Rb1 (26. a4 $14) 26... Qg6 {[%emt 0:03:42] The position is equal.} 27. Rb5 b6 28. Rf5 Kg7 29. Rd5 Rf7 30. g3 Nb3 31. Bb2 h5 ({Much worse is} 31... fxg3 $6 32. Nxg3 h6 33. Rf5 $16) (31... Re7 $5 32. Rd7 $8 Rxd7 33. Qxd7+ Qf7 $11) 32. Rd6 Na5 33. Bc1 Nb7 34. Rd7 Nd8 35. Qd5 Qb1 36. Rxd8 Bxd8 37. Qxd8 Qxc1 38. Qxg5+ {[%emt 0:00:05] KQR-KQN} Kf8 39. Qd8+ Kg7 {[%emt 0:00:04] [#] ...fxg3 is the strong threat.} 40. Qg5+ Kf8 41. Qd8+ Kg7 {[%emt 0:30:06] Weighted Error Value: White=0.08 (flawless) /Black=0.10 (very precise) .  Mistake:       	White=2     	Black=3      Inaccurate:     	White=1     	Black=1      OK:         	White=17    	Black=17     Best:        	White=3     	Black=1} 1/2-1/2

[Event "British Championship 2024"]
[Site "Hull"]
[Date "2024.07.31"]
[Round "4.14"]
[White "Hebden, Mark L"]
[Black "Hobson, Kenneth"]
[Result "1-0"]
[Annotator "RC"]
[ECO "E51"]
[WhiteElo "2398"]
[BlackElo "2227"]
[PlyCount "69"]
[EventDate "2024.07.31"]
[EventCountry "GBR"]
[SourceTitle "playchess.com"]
[Source "ChessBase"]
[SourceQuality "1"]
[TimeControl "40/5400+30:1800+30"]

1. Nf3 Nf6 2. c4 e6 3. Nc3 d5 4. e3 Bb4 5. Qc2 O-O 6. a3 Be7 7. d4 b6 8. cxd5 exd5 9. Be2 Ba6 10. Bxa6 Nxa6 11. O-O c5 12. Rd1 c4 13. b3 Rc8 14. bxc4 Rxc4 15. Ne5 Rc8 16. Qb3 Nb8 17. a4 Nc6 18. Bd2 Na5 19. Qb5 Nc4 20. Nc6 a6 21. Nxe7+ Kh8 22. Qxa6 Qxe7 23. Be1 Rfe8 24. Qb5 Qd6 25. h3 g5 26. Rac1 g4 27. hxg4 Nxg4 28. Nxd5 Qh2+ 29. Kf1 Qh1+ 30. Ke2 Nd6 31. Qd7 Qxg2 32. Rxc8 Rxc8 33. Qxd6 Qe4 34. Rc1 Rc2+ 35. Bd2 1-0

[Event "British Championship 2024"]
[Site "Hull"]
[Date "2024.07.31"]
[Round "4.15"]
[White "Van Zyl-Rudd, Jack"]
[Black "Kanyamarala, Tarun"]
[Result "0-1"]
[Annotator "RC"]
[ECO "D35"]
[WhiteElo "2292"]
[BlackElo "2333"]
[PlyCount "114"]
[EventDate "2024.07.31"]
[EventCountry "GBR"]
[SourceTitle "playchess.com"]
[Source "ChessBase"]
[SourceQuality "1"]
[TimeControl "40/5400+30:1800+30"]

1. d4 Nf6 2. c4 e6 3. Nf3 d5 4. cxd5 exd5 5. Nc3 c6 6. Bg5 h6 7. Bh4 Bf5 8. e3 Nbd7 9. Bd3 Bxd3 10. Qxd3 Bd6 11. O-O O-O 12. Rab1 Qe7 13. Rfe1 Qe6 14. b4 b5 15. a4 a5 16. axb5 axb4 17. bxc6 Ra3 18. cxd7 Rxc3 19. Qb5 Nxd7 20. Nd2 Rb8 21. Qa4 Nb6 22. Qd1 Nc4 23. Nb3 Na3 24. Rb2 Rbc8 25. Bg3 Bf8 26. Nc5 Bxc5 27. dxc5 R3xc5 28. h3 Nc2 29. Rf1 Rc3 30. Qd2 R8c6 31. Rd1 R6c5 32. Kh2 Qf6 33. Rdb1 Na3 34. Rxb4 Nxb1 35. Rxb1 Qe6 36. Rb7 Rc8 37. Qd4 R3c4 38. Qa7 Re8 39. Rd7 Rc6 40. Qb7 Rec8 41. Re7 Qf6 42. Qd7 Rc1 43. Re5 Rd8 44. Qg4 Kh7 45. Rf5 Qe6 46. Qf3 f6 47. Rf4 Rc4 48. Qd1 Rxf4 49. Bxf4 Qe4 50. Bc7 Rc8 51. Bg3 Rc2 52. f3 Qc4 53. Bd6 Kh8 54. Kg3 Qa2 55. Qf1 Qb3 56. Qe1 Qb2 57. Qf1 Qb6 0-1

[Event "British Championship 2024"]
[Site "Hull"]
[Date "2024.07.31"]
[Round "4.16"]
[White "Trent, Lawrence"]
[Black "Boswell, Jacob Connor"]
[Result "1/2-1/2"]
[Annotator "TA"]
[ECO "E60"]
[WhiteElo "2416"]
[BlackElo "2274"]
[PlyCount "28"]
[EventDate "2024.07.31"]
[EventCountry "GBR"]
[SourceTitle "playchess.com"]
[Source "ChessBase"]
[SourceQuality "1"]
[TimeControl "40/5400+30:1800+30"]

1. Nf3 Nf6 2. g3 g6 3. Bg2 Bg7 4. b3 O-O 5. Bb2 c5 6. c4 Nc6 7. O-O d6 8. Nc3 Bd7 9. d4 cxd4 10. Nxd4 Nxd4 11. Qxd4 Bc6 12. Bxc6 bxc6 13. Rfd1 Qa5 14. Qd2 {[%emt 0:00:30][%cal Oc3d5] Strongly threatening Nd5!} Qh5 {[%emt 0:00:30] A rather calm draw.   Weighted Error Value: White=0.09 (flawless) /Black=0.05 (flawless)} 1/2-1/2

[Event "British Championship 2024"]
[Site "Hull"]
[Date "2024.07.31"]
[Round "4.17"]
[White "Shafi, Declan"]
[Black "Motwani, Paul"]
[Result "0-1"]
[Annotator "TA"]
[ECO "A28"]
[WhiteElo "2222"]
[BlackElo "2414"]
[PlyCount "74"]
[EventDate "2024.07.31"]
[EventCountry "GBR"]
[SourceTitle "playchess.com"]
[Source "ChessBase"]
[SourceQuality "1"]
[TimeControl "40/5400+30:1800+30"]

1. c4 e5 2. Nc3 Nf6 3. Nf3 Nc6 4. e4 Bb4 5. d3 d6 6. Be2 Bg4 7. O-O Bc5 8. Nd2 {[%emt 0:04:16] The position is equal.} (8. Nxe5 {with more complications.} Nxe5 9. d4 Bxe2 10. Nxe2 Nxe4 11. Qc2) 8... Qd7 9. Nb3 Bxe2 10. Nxe2 h5 11. Bg5 h4 12. Bxf6 gxf6 13. d4 exd4 14. Nexd4 Ne5 15. Nxc5 dxc5 16. Nf5 O-O-O 17. Qxd7+ Rxd7 18. Ne3 ({White should play} 18. b3 $11) 18... h3 {[%emt 0:04:46] Black is more active.} 19. f4 (19. Rad1 $15) 19... hxg2 $17 20. Rfd1 Nd3 21. Nd5 $2 {[%emt 0:07:29] White does not recover from this.} (21. Rd2 $17 {was worth a try.} Nxf4 22. Rxd7 Kxd7 23. Rd1+ Ke6 24. Nd5) 21... Nxb2 $19 22. Rdc1 f5 23. e5 {[%emt 0:11:21] [#]} (23. Rc2 $142 Nd3 24. exf5) 23... Nxc4 $1 24. Rxc4 (24. Ne7+ Rxe7) 24... Rxd5 {[%emt 0:00:07][%mdl 4096] Endgame. KRR-KRR. Black is clearly winning.} 25. Rac1 b6 26. R1c2 Rg8 27. Rc1 {[%emt 0:00:38] Inhibits Rd1+.} Kd7 28. R4c2 Rd4 29. Rf2 Rg4 30. h3 Rg3 31. Rxg2 Rxh3 32. Rf1 Rh4 33. Rg8 Rg4+ 34. Rxg4 fxg4 35. f5 Re4 36. e6+ fxe6 37. f6 Ke8 {[%emt 0:00:13] Weighted Error Value: White=0.44/Black=0.10 (very precise) .  Loses game:     	White=1     	---        Mistake:       	White=3     	---        Inaccurate:     	---       	Black=1      OK:         	White=7     	Black=12     Best:        	---       	Black=2} 0-1

[Event "British Championship 2024"]
[Site "Hull"]
[Date "2024.07.31"]
[Round "4.19"]
[White "Czopor, Maciej"]
[Black "Southcott-Moyers, Indy"]
[Result "1-0"]
[Annotator "RC"]
[ECO "A14"]
[WhiteElo "2361"]
[BlackElo "2182"]
[PlyCount "151"]
[EventDate "2024.07.31"]
[EventCountry "GBR"]
[SourceTitle "playchess.com"]
[Source "ChessBase"]
[SourceQuality "1"]
[TimeControl "40/5400+30:1800+30"]

1. c4 e6 2. Nf3 d5 3. e3 Nf6 4. b3 Be7 5. Bb2 O-O 6. g3 b6 7. Bg2 Bb7 8. O-O c5 9. Qe2 Nc6 10. Rd1 Qc7 11. Nc3 Rad8 12. Rac1 dxc4 13. bxc4 Qb8 14. d3 h6 15. Ba1 Rd7 16. h3 Rc8 17. Rb1 Rdd8 18. Ne1 Na5 19. f4 Bxg2 20. Qxg2 Qb7 21. Qxb7 Nxb7 22. Nb5 Ra8 23. Kf2 Na5 24. Ke2 Nc6 25. g4 Ne8 26. Nf3 f6 27. f5 e5 28. Nc3 Nc7 29. Nd2 Rd7 30. Nde4 Rad8 31. a3 Kf7 32. Nf2 Rh8 33. Nce4 Ne8 34. Rg1 Nd6 35. Nc3 Rdd8 36. Nd5 h5 37. Rg2 Rb8 38. a4 Nb4 39. Nc3 a6 40. Nfe4 Nxe4 41. Nxe4 hxg4 42. hxg4 b5 43. axb5 axb5 44. Bc3 bxc4 45. dxc4 Ra8 46. g5 Ra2+ 47. Rb2 Rxb2+ 48. Bxb2 fxg5 49. Bxe5 Rh5 50. Kf3 Nc6 51. Bg3 g6 52. fxg6+ Kxg6 53. Rd2 Na5 54. Rd7 Rh7 55. Nd2 Kf5 56. e4+ Ke6 57. Ra7 Nc6 58. Ra6 Kd7 59. e5 Rh6 60. Ke4 Re6 61. Nb3 Ke8 62. Ra2 Rh6 63. Kf5 Rh3 64. Ra8+ Nd8 65. Kg4 Rh6 66. Nd2 Rb6 67. Ne4 Rb4 68. Kf5 Rxc4 69. e6 Rd4 70. Be5 Rd1 71. Nf6+ Kf8 72. Nd7+ Ke8 73. Nf6+ Kf8 74. Kg6 Re1 75. Bd6 Rxe6 76. Rxd8# 1-0